 Dungeon Crawl Stone Soup version 0.18-a0-1639-g7533f42 (webtiles) character file.

170 dohliylev the Shield-Bearer (level 5, -10/47 HPs)
             Began as a Minotaur Fighter on Mar 27, 2016.
             Was a Follower of Qazlal.
             Killed by divine providence
             ... invoked by an orc priest
              (16 damage)
             ... on level 4 of the Dungeon.
             The game lasted 00:07:57 (1518 turns).

dohliylev the Shield-Bearer (Minotaur Fighter)      Turns: 1518, Time: 00:07:57

Health: -10/47     AC: 12    Str: 22    XL:     5   Next: 25%
Magic:  4/4        EV:  4    Int:  5    God:    Qazlal [*.....]
Gold:   120        SH: 11    Dex:  9    Spells: 0 memorised, 4 levels left

rFire  . . .     SeeInvis .     a - +0 war axe
rCold  . . .     Gourm    .     e - +0 plate armour
rNeg   . . .     Faith    .     c - +0 shield
rPois  .         Spirit   .     (helmet restricted)
rElec  .         Dismiss  .     (no cloak)
rCorr  .         Reflect  .     (no gloves)
SustAt .         Harm     .     (no boots)
MR     .....                    (no amulet)
Stlth  ..........               (no ring)
                                (no ring)

@: not resistant to hostile enchantments, extremely unstealthy
A: retaliatory headbutt, horns 2
a: Renounce Religion


You were on level 4 of the Dungeon.
You worshipped Qazlal.
Qazlal was aware of your devotion.
You were not hungry.

You visited 1 branch of the dungeon, and saw 4 of its levels.

You collected 120 gold pieces.

Inventory:

Hand Weapons
 a - a +0 war axe (weapon)
Armour
 c - a +0 shield (worn)
 e - a +0 plate armour (worn)
Scrolls
 b - a scroll of recharging {unknown}
 k - a scroll of magic mapping {unknown}
 m - 3 scrolls of identify {unknown}
 p - a scroll of blinking {unknown}
Potions
 d - 2 potions of might
 h - a potion of berserk rage {unknown}
 j - 2 potions of brilliance {unknown}
 l - 2 potions of degeneration {unknown}
 o - a potion of heal wounds {unknown}
 q - 3 potions of magic {unknown}
Books
 i - a book of Debilitation

   Spells                             Type                      Level
   a - Corona                         Hexes                        1
   b - Slow                           Hexes                        2
   c - Gell's Gravitas                Hexes/Translocation          3
   d - Inner Flame                    Hexes/Fire                   3
   e - Cause Fear                     Hexes                        4
   f - Leda's Liquefaction            Hexes/Earth                  4
Comestibles
 f - 3 bread rations
 g - 5 chunks of flesh
 n - 2 meat rations


   Skills:
 + Level 4.6 Fighting
 + Level 3.5 Axes
 + Level 4.6 Armour
 + Level 5.3 Shields


You had 4 spell levels left.
You didn't know any spells.

Dungeon Overview and Level Annotations

Branches:
Dungeon (4/15)
 Temple: D:4-7

Altars:
Qazlal

Shops:
D:4 *


Innate Abilities, Weirdness & Mutations

You reflexively headbutt those who attack you in melee.
You have a pair of horns on your head.


Message History

You hit the orc priest but do no damage.
You headbutt the orc priest!
The orc priest is heavily wounded.
You miss something. Something hits you.
* * * LOW HITPOINT WARNING * * *
The orc priest hits you with a whip.
* * * LOW HITPOINT WARNING * * *
Something hits you but does no damage.
The orc priest miscasts a cantrip.
You hit the orc priest.
The orc priest is almost dead.
You closely miss something.
You hear some strange, mumbled words.
A magic dart appears from out of thin air!
The magic dart hits you! The orc priest hits you with a whip.
* * * LOW HITPOINT WARNING * * *
Something hits you but does no damage.
The orc priest invokes the aid of Beogh against you.
Beogh smites you!
You die...

#<...<# #.....#
#.....#
##....#........
##....#.......
#.....##.....#
##....##.....##
##>...##......#
#..@o..#......#
#...o..#.)o...#
#...)..#.....?#
#...)..)).....#
##..).##.##..##
#....##.# .#
#......... ..
#.......... ..
#........... .


You could see 2 orc priests.

Vanquished Creatures
  An orc priest (D:4)
  2 orc wizards (D:4)
  2 adders (D:3)
  2 oozes (D:3)
  4 worms (D:2)
  A dart slug (D:1)
  A giant gecko (D:3)
  4 orcs
  3 bats
  2 giant cockroaches
  4 goblins
  2 hobgoblins
  4 jackals (D:3)
  8 kobolds
  A quokka (D:2)
  2 ball pythons
  7 rats
50 creatures vanquished.

Notes
Turn   | Place    | Note
--------------------------------------------------------------
     0 | D:1      | dohliylev the Minotaur Fighter began the quest for the Orb.
     0 | D:1      | Reached XP level 1. HP: 19/19 MP: 0/0
   438 | D:1      | Reached XP level 2. HP: 27/27 MP: 1/1
   664 | D:2      | Reached skill level 4 in Shields
   752 | D:2      | Reached XP level 3. HP: 29/33 MP: 2/2
   805 | D:2      | Found a stormy altar of Qazlal.
   817 | D:2      | Became a worshipper of Qazlal Stormbringer
   922 | D:2      | Found a faded altar to an unknown god.
  1242 | D:3      | Reached XP level 4. HP: 39/41 MP: 3/3
  1271 | D:3      | Reached * piety under Qazlal
  1479 | D:4      | Found Hoimomy's General Store.
  1484 | D:4      | Reached skill level 5 in Shields
  1491 | D:4      | Reached XP level 5. HP: 30/47 MP: 4/4
  1518 | D:4      | Killed from afar by an orc priest

Vault maps used:
D:1:      dpeg_arrival_pits
D:2:      ecumenical_altar_2, grunt_qazlal_sundering
D:3:      first_bread
D:4:      kennysheep_mini, serial_shops, shop, nemelex_dance_club_becter

Skill      XL: |  1  2  3  4 |
---------------+-------------+-----
Fighting       | 4 |  4.6
Shields        | 4 5 |  5.3
Armour         | 4 |  4.6
Axes           | 3 |  3.5

Action                   |  1- 3 |  4- 6 || total
-------------------------+-------+-------++-------
Melee: War axe           |    89 |    25 ||   114
  Eat: Chunk             |     1 |     1 ||     2
